 Dungeon Crawl Stone Soup version 0.20.1-1-g8b1a95d (webtiles) character file.

14657 Tomstefer the Basher (level 11, -2/156 HPs)
             Began as a Minotaur Berserker on Oct 22, 2017.
             Was a High Priest of Trog.
             Slain by a yak (9 damage)
             ... on level 2 of the Lair of Beasts.
             The game lasted 00:41:07 (10082 turns).

Tomstefer the Basher (Minotaur Berserker)          Turns: 10082, Time: 00:41:07

Health: -2/156     AC: 12    Str: 29    XL:     11   Next: 91%
Magic:  10/10      EV: 16    Int:  4    God:    Trog [*****.]
Gold:   420        SH:  3    Dex: 11    Spells: 10/10 levels left

rFire    + . .     SeeInvis +   R - +1 great mace (holy)
rCold    . . .     Gourm    .   (shield currently unavailable)
rNeg     . . .     Faith    .   w - +1 ring mail "Cehauf" {-Cast MR++ Regen+ SInv}
rPois    .         Spirit   .   (helmet restricted)
rElec    .         Reflect  +   L - +2 cloak
rCorr    .         Harm     .   (no gloves)
MR       ++...     NoCast   +   (no boots)
Stlth    ..........             P - +3 amulet of reflection
Regen    0.8/turn               G - ring of protection from fire
MPRegen  0.2/turn               b - ring of stealth

@: berserking, lethally poisoned (-2 -> -8), very quick
A: retaliatory headbutt, horns 2
a: Berserk, Trog's Hand, Brothers in Arms, Burn Spellbooks, Renounce Religion


You were on level 2 of the Lair of Beasts.
You worshipped Trog.
Trog was extremely pleased with you.
You were not hungry.

You visited 2 branches of the dungeon, and saw 12 of its levels.
You also visited: Labyrinth.

You collected 715 gold pieces.
You spent 295 gold pieces at shops.

Inventory:

Hand Weapons
 h - a +2 whip of venom
 D - a +3 flail
 O - a +1 flail of crushing
 Q - a +4 fustibalus of flaming
 R - a +1 great mace of holy wrath (weapon)
Missiles
 i - 301 stones (quivered)
 u - 6 silver tomahawks
 y - 8 tomahawks
Armour
 w - the +1 ring mail "Cehauf" (worn) {-Cast MR++ Regen+ SInv}
   (You took it off a goblin on level 4 of the Dungeon)

   It affects your resistance to hostile enchantments.
   It lets you see invisible.
   It prevents spellcasting.
   It increases your rate of regeneration.
 L - a +2 cloak (worn)
Jewellery
 b - a ring of stealth (right hand)
 G - a ring of protection from fire (left hand)
 P - a +3 amulet of reflection (around neck)
Wands
 l - a wand of iceblast (11/15)
 n - a wand of scattershot (4/9)
 F - a wand of acid (12/15)
 I - a wand of lightning (6/15)
 J - a wand of random effects (26/48)
 K - a wand of enslavement (19/24)
 M - a wand of disintegration (15/24)
 T - a wand of lightning (8/15)
 U - a wand of iceblast (5/15)
 V - a wand of lightning (7/15)
 W - a wand of random effects (15/48)
 X - a wand of iceblast (7/15)
Scrolls
 a - a scroll of enchant armour
 e - a scroll of magic mapping
 k - 2 scrolls of fog {unknown}
 m - a scroll of recharging
 o - 5 scrolls of teleportation
 q - 7 scrolls of fear
 r - a scroll of enchant weapon
 v - 8 scrolls of remove curse
 x - 4 scrolls of immolation {unknown}
 Y - a scroll of blinking
Potions
 d - 2 potions of brilliance
 f - 4 potions of haste
 g - 3 potions of heal wounds {unknown}
 j - 3 potions of agility {unknown}
 p - 5 potions of flight
 s - 3 potions of resistance
 t - 5 potions of lignification {unknown}
 A - a potion of berserk rage {unknown}
 B - a potion of mutation {unknown}
 H - 6 potions of curing {unknown}
Comestibles
 c - 6 bread rations
 z - 9 royal jellies
 C - 4 meat rations
 N - 6 fruits


   Skills:
 + Level 11.7 Fighting
 + Level 12.8 Maces & Flails
 - Level 0.4 Throwing
 + Level 11.7 Armour
 + Level 10.1 Dodging
 - Level 0.1 Stealth


You had 10 spell levels left.
You didn't know any spells.

Dungeon Overview and Level Annotations

Branches:
Dungeon (10/15)            Temple (0/1) D:7            Lair (2/6) D:10
    Orc (0/2) D:10
  Swamp: Lair:2-4    Shoals: Lair:2-4     Snake: Lair:2-4    Spider: Lair:2-4

Altars:
Fedhas
Gozag
Makhleb
Qazlal
Sif Muna
Trog
Yredelemnul
The Shining One

Shops:
D:4 [   D:5 }   D:7 *   D:9 [


Innate Abilities, Weirdness & Mutations

You reflexively headbutt those who attack you in melee.
You have a pair of horns on your head.


Message History

The yak is almost dead.
You feel sick. The yak closely misses you. The yak gores you.
* * * LOW HITPOINT WARNING * * *
The yak misses you. The yak gores you but does no damage. The yak gores you.
* * * LOW HITPOINT WARNING * * *
The yak gores you.
* * * LOW HITPOINT WARNING * * *
You bludgeon the yak!!
You feel the power of Trog in you as your rage grows.
You kill the yak!
Trog accepts your kill.
You feel sick. The yak closely misses you. You furiously retaliate!
You headbutt the yak!! The yak misses you. You furiously retaliate!
You headbutt the yak! The yak completely misses you.
You bludgeon the yak!!
You kill the yak!
Trog accepts your kill.
* * * LOW HITPOINT WARNING * * *
You feel sick. The yak closely misses you. The yak gores you!
You die...

...............
...........$...
..............$ ..+#.
................. # ....
............$.... #.#...
................. #.#..)
.....##.YY......... #...8.
........†@Y.<.......#.#...
....$....YY...........[...
....................##....
.....................#.#+.
...............##.##.#....
..............##.8.##...##
..........................
..............#8.>......8.
.....).........#...........


You could see 5 yaks.

Vanquished Creatures
  A minotaur (Lab)
  The ghost of Bazinga the Severer, a journeyman MiBe of Trog (D:10)
  2 two-headed ogres
  Nergalle (Lair:1)
  Joseph (D:7)
  3 spiny frogs
  3 komodo dragons
  A polar bear (Lair:1)
  4 hippogriffs
  2 redbacks (Lab)
  A wraith (D:10)
  A basilisk (Lair:1)
  10 yaks
  3 water moccasins
  4 porcupines
  3 sky beasts
  3 orc warriors
  2 ice beasts
  2 black bears
  A necrophage (D:8)
  8 ogres
  A phantom (D:6)
  6 centaurs
  4 crocodiles
  3 big kobolds
  6 bullfrogs
  A gnoll sergeant (D:9)
  2 scorpions (D:5)
  11 killer bees
  The ghost of Rankstrail the Skirmisher, a weakling DsCK of Xom (D:3)
  11 wights
  4 howler monkeys
  2 crimson imps
  A bullfrog zombie (D:5)
  2 hounds
  An orc priest (D:9)
  2 jellies
  7 orc wizards
  2 centaur skeletons
  Ijyb (D:5)
  6 iguanas
  6 worker ants
  Natasha (twice) (D:2)
  2 hound zombies (D:6)
  2 worker ant zombies
  9 gnolls
  15 adders
  A shadow imp (D:10)
  An ooze (D:3)
  5 adder skeletons
  2 worms
  4 dart slugs
  8 leopard geckos
  21 orcs
  A ball python (D:4)
  7 bats
  3 giant cockroaches
  4 goblins
  7 hobgoblins
  15 jackals
  9 quokkas
  12 frilled lizards
  21 kobolds
  A leopard gecko skeleton (D:5)
  10 rats
299 creatures vanquished.

Vanquished Creatures (collateral kills)
  A phantom (D:7)
  An orc wizard (D:7)
  An orc priest (D:7)
  An orc (D:7)
4 creatures vanquished.

Vanquished Creatures (others)
  A plant (D:10)
1 creature vanquished.

Grand Total: 304 creatures vanquished

Notes
Turn   | Place    | Note
-------+----------+-------------------------------------------
     0 | D:1      | Tomstefer the Minotaur Berserker began the quest for the Orb.
     0 | D:1      | Reached XP level 1. HP: 19/19 MP: 0/0
   352 | D:1      | Reached XP level 2. HP: 25/27 MP: 1/1
   399 | D:1      | Reached skill level 4 in Maces & Flails
   890 | D:2      | Reached XP level 3. HP: 33/33 MP: 2/2
   951 | D:2      | Noticed Natasha
   960 | D:2      | Killed Natasha
   960 | D:2      | Reached ** piety under Trog
   960 | D:2      | Reached skill level 5 in Maces & Flails
  1330 | D:2      | Found a basalt altar of Yredelemnul.
  1350 | D:2      | Reached XP level 4. HP: 40/40 MP: 3/3
  1590 | D:2      | Noticed Natasha
  1591 | D:2      | Found a faded altar of an unknown god.
  1605 | D:2      | Killed Natasha
  1605 | D:2      | Reached skill level 6 in Maces & Flails
  1762 | D:2      | Found a burning altar of Makhleb.
  2016 | D:3      | Reached XP level 5. HP: 29/46 MP: 4/4
  2181 | D:3      | Noticed Rankstrail's ghost (weakling DsCK)
  2197 | D:3      | Killed Rankstrail's ghost
  2336 | D:3      | Found a stormy altar of Qazlal.
  2412 | D:3      | Reached *** piety under Trog
  2557 | D:3      | Found a glowing golden altar of the Shining One.
  2764 | D:4      | Found Hoin Wieqo's Antique Armour Shop.
  2949 | D:4      | Got a polished ring mail
  2961 | D:4      | Identified the +1 ring mail "Cehauf" {-Cast MR++ Regen+ SInv} (You took it off a goblin on level 4 of the Dungeon)
  3061 | D:4      | Reached XP level 6. HP: 40/53 MP: 5/5
  3078 | D:4      | Noticed an ice beast
  3089 | D:4      | Reached skill level 5 in Fighting
  3089 | D:4      | Reached skill level 7 in Maces & Flails
  3100 | D:4      | Killed an ice beast
  3302 | D:4      | Found a blossoming altar of Fedhas.
  3403 | D:4      | Bought a glowing cloak for 150 gold pieces
  3467 | D:5      | Entered Level 5 of the Dungeon
  3469 | D:5      | Noticed Ijyb
  3482 | D:5      | Killed Ijyb
  3482 | D:5      | Reached XP level 7. HP: 52/61 MP: 6/6
  3606 | D:5      | Reached skill level 5 in Armour
  3742 | D:5      | Reached **** piety under Trog
  3742 | D:5      | Reached skill level 8 in Maces & Flails
  3840 | D:5      | Found Nurghir's Gadget Shop.
  4008 | D:5      | Reached XP level 8. HP: 65/71 MP: 7/7
  4176 | D:5      | Found a bloodstained altar of Trog.
  4386 | D:6      | Reached skill level 9 in Maces & Flails
  4427 | D:6      | Found a burning altar of Makhleb.
  4805 | D:6      | Reached XP level 9. HP: 55/80 MP: 8/8
  4964 | D:6      | Reached skill level 5 in Dodging
  5613 | D:7      | Found an opulent altar of Gozag.
  5704 | D:7      | Reached ***** piety under Trog
  5705 | D:7      | Noticed Joseph
  5710 | D:7      | Found a staircase to the Ecumenical Temple.
  5731 | D:7      | Killed Joseph
  5731 | D:7      | Reached skill level 10 in Maces & Flails
  6067 | D:7      | Found Qieraogg's Assorted Antiques.
  6412 | D:8      | Noticed a two-headed ogre
  6418 | D:8      | Killed a two-headed ogre
  6456 | D:8      | Reached XP level 10. HP: 60/91 MP: 9/9
  6645 | D:8      | Found a deep blue altar of Sif Muna.
  7104 | D:7      | Bought a large cameo amulet for 145 gold pieces
  7164 | D:9      | Received a gift from Trog
  7246 | D:9      | Reached skill level 11 in Maces & Flails
  7393 | D:9      | Reached skill level 10 in Fighting
  7471 | D:9      | Reached skill level 10 in Armour
  7541 | D:9      | Found Onoc's Antique Armour Shop.
  7618 | D:9      | Noticed a two-headed ogre
  7626 | D:9      | Killed a two-headed ogre
  7856 | D:10     | Entered Level 10 of the Dungeon
  7957 | D:10     | Found a staircase to the Lair.
  7962 | D:10     | Reached XP level 11. HP: 74/101 MP: 10/10
  8156 | D:10     | Found a staircase to the Orcish Mines.
  8378 | D:10     | Noticed Bazinga's ghost (journeyman MiBe)
  8403 | D:10     | Killed Bazinga's ghost
  8793 | Lair:1   | Entered Level 1 of the Lair of Beasts
  8795 | Lair:1   | Reached skill level 12 in Maces & Flails
  9117 | Lair:1   | Received a gift from Trog
  9125 | Lair:1   | Noticed Nergalle
  9135 | Lair:1   | Killed Nergalle
  9749 | Lair:2   | Found a labyrinth entrance.
  9759 | Lab      | Entered a labyrinth
 10001 | Lab      | Noticed a minotaur
 10006 | Lab      | Killed a minotaur
 10006 | Lab      | Reached skill level 10 in Dodging
 10082 | Lair:2   | HP: 7/156 [poisoned by a spiny frog]
 10082 | Lair:2   | Slain by a yak

Skill      XL: |  1  2  3  4  5  6  7  8  9 10 11 |
---------------+----------------------------------+-----
Fighting       | 4 5 6 7 9 10 11 | 11.7
Maces & Flails | 4 5 6 7 8 9 10 11 12 | 12.8
Armour         | 3 4 6 7 9 10 11 | 11.7
Dodging        | 4 6 8 10 | 10.1
Throwing       | |  0.4
Stealth        | |  0.1

Action                   |  1- 3 |  4- 6 |  7- 9 | 10-12 || total
-------------------------+-------+-------+-------+-------++-------
Melee: Mace              |    55 |   162 |   101 |       ||   318
       Headbutt          |    10 |    24 |    54 |    74 ||   162
       Flail             |       |       |    41 |   306 ||   347
       Whip              |       |       |   133 |       ||   133
       Great mace        |       |       |       |    63 ||    63
Throw: Stone             |       |     3 |       |       ||     3
Invok: Berserk           |       |     3 |     9 |     7 ||    19
       Burn Spellbooks   |       |     1 |     1 |     3 ||     5
       Brothers in Arms  |       |       |     1 |       ||     1
  Use: Scroll            |       |       |    12 |     4 ||    16
 Stab: Sleeping          |       |       |     2 |     1 ||     3
  Eat: Chunk             |     1 |     5 |    18 |    12 ||    36
       Meat ration       |       |     1 |       |       ||     1
       Bread ration      |       |       |       |     2 ||     2
       Fruit             |       |       |       |     1 ||     1
Armor: Animal skin       |     4 |       |       |       ||     4
       Ring mail         |     9 |    59 |    62 |    97 ||   227
       Chain mail        |       |     1 |       |       ||     1
Dodge: Dodged            |    31 |   103 |   122 |   232 ||   488
Block: Other             |       |       |       |    34 ||    34
